Map: Deathaura LE

Players

Reynor - Winner!

  • Race: Zerg Zerg
  • Spawn Location: 11:00

Vanya

  • Race: Zerg Zerg
  • League: Grandmaster
  • Spawn Location: 5:00

Event: DreamHack SC2 Masters 2020 Summer Europe

VOD

Have the link to the VOD?

Description

Time

  • Played on: July 5, 2020, 1:18 p.m.
  • Length: 8:47

All games in this series

Show
View Real Time Build Order
Export as new Build Order

Reynor Zerg - Winner!

Build Orders: Hatch First 

Get SALT Encoding   

  12  0:03  Drone  
  13  0:13  Overlord  
  13  0:16  Drone  
  14  0:31  Drone x2  
  16  0:48  Hatchery  
  15  0:52  Drone  
  15  0:56  Drone  
  17  0:59  Drone  
  18  1:10  Extractor  
  17  1:15  Spawning Pool  
  17  1:17  Drone  
  17  1:20  Drone  
  18  1:29  Drone  
  19  1:40  Drone  
  20  1:50  Drone  
  21  2:01  Queen x2  
  21  2:02  Overlord  
  21  2:03  Drone  
  26  2:11  Drone  
  26  2:12  Drone  
  28  2:21  Drone  
  29  2:23  Drone  
  30  2:33  Drone x2  
  32  2:37  Queen  
  32  2:43  Overlord  
  32  2:44  Drone, Lair  
  35  2:49  Evolution Chamber  
  34  2:53  Drone  
  34  2:56  Drone  
  36  3:04  Drone  
  36  3:05  Drone, Extractor  
  37  3:11  Drone x4  
  37  3:12  Drone x2  
  43  3:17  Zerg Missile Weapons Level 1  
  43  3:20  Drone  
  43  3:22  Overlord  
  43  3:23  Roach Warren  
  43  3:26  Extractor  
  42  3:27  Extractor  
  42  3:29  Drone  
  42  3:31  Drone  
  43  3:40  Drone  
  44  3:41  Drone  
  44  3:42  Drone  
  44  3:43  Drone x2  
  44  3:48  Drone  
  49  3:49  Drone  
  49  3:52  Spire  
  49  3:53  Drone x2  
  49  3:54  Drone  
  52  4:02  Overseer  
  52  4:03  Overlord  
  52  4:07  Glial Reconstitution  
  52  4:16  Evolution Chamber  
  51  4:22  Roach x4  
  59  4:25  Overlord  
  59  4:34  Overlord  
  60  4:44  Overlord  
  64  4:45  Roach x2  
  64  4:50  Drone  
  64  4:59  Hatchery  
  63  5:02  Overlord  
  63  5:03  Mutalisk  
  63  5:04  Mutalisk x3  
  63  5:06  Mutalisk  
  73  5:13  Drone x4  
  77  5:16  Overlord  
  77  5:20  Zerg Missile Weapons Level 2  
  77  5:24  Drone  
  77  5:25  Drone x2  
  80  5:30  Overlord  
  80  5:33  Drone x3  
  80  5:34  Drone  
  84  5:39  Drone x2  
  84  5:42  Evolution Chamber  
  87  5:50  Roach  
  87  5:51  Roach  
  87  5:55  Roach x3  
  95  6:00  Roach  
  95  6:03  Overlord  
  97  6:11  Roach  
  99  6:17  Roach x4  
  107  6:21  Pneumatized Carapace  
  107  6:22  Roach x4  
  115  6:27  Roach x2  
  119  6:34  Roach x2  
  119  6:38  Roach, Zerg Ground Armor Level 1  
  117  6:42  Overlord  
  117  6:43  Roach  
  117  6:44  Roach  
  117  6:45  Drone  
  117  6:46  Extractor  
  121  6:47  Extractor  
  121  6:48  Drone x2  
  121  6:51  Overlord  
  122  6:57  Hatchery, Overlord  
  122  7:00  Drone  
  126  7:01  Roach x4  
  126  7:06  Roach  
  128  7:09  Roach  
  128  7:13  Drone x3  
  125  7:20  Roach x3  
  131  7:23  Roach x4  
  139  7:30  Overlord  
  139  7:31  Overlord  
  139  7:33  Ravager x2  
  139  7:34  Ravager x3  
  139  7:35  Roach  
  146  7:38  Overlord x2  
  146  7:48  Overlord  
  146  7:50  Drone  
  146  7:51  Drone x2  
  148  7:52  Drone  
  148  7:53  Drone x4  
  148  7:54  Roach  
  148  7:55  Ravager x2  
  158  7:59  Roach x2  
  158  8:00  Roach  
  158  8:03  Drone  
  158  8:05  Infestation Pit  
  164  8:06  Roach  
  164  8:07  Ravager x2  
  164  8:08  Overlord  
  164  8:10  Roach  
  170  8:14  Roach x2  
  174  8:20  Roach x3  
  174  8:21  Roach  
Show
View Real Time Build Order
Export as new Build Order

Vanya Zerg 

Build Orders: Hatch First 

Get SALT Encoding   

  12  0:00  Drone  
  13  0:12  Overlord  
  13  0:17  Drone  
  14  0:31  Drone x2  
  16  0:50  Hatchery  
  16  0:54  Drone  
  16  0:55  Drone  
  17  0:59  Drone  
  18  1:14  Extractor  
  18  1:15  Spawning Pool  
  18  1:16  Drone  
  17  1:20  Drone  
  18  1:28  Drone  
  19  1:39  Drone  
  20  1:49  Drone  
  21  2:02  Queen x2  
  21  2:03  Overlord, Zergling x2  
  26  2:13  Drone x2  
  26  2:14  Metabolic Boost  
  29  2:22  Drone  
  29  2:23  Drone  
  30  2:35  Hatchery, Drone  
  30  2:42  Drone  
  30  2:44  Drone  
  32  2:48  Overlord  
  32  2:56  Drone x2  
  32  2:58  Queen  
  35  3:06  Drone  
  35  3:10  Drone x5  
  41  3:14  Evolution Chamber  
  41  3:18  Overlord  
  40  3:20  Drone x2  
  42  3:27  Drone, Extractor  
  42  3:28  Extractor  
  42  3:29  Drone  
  42  3:32  Drone  
  43  3:40  Zerg Missile Weapons Level 1  
  43  3:42  Zergling x8  
  43  3:48  Zergling x2  
  48  3:49  Roach Warren  
  48  3:51  Lair  
  48  3:55  Drone x2  
  49  4:00  Drone  
  49  4:02  Overlord  
  50  4:04  Drone  
  50  4:06  Drone  
  50  4:07  Drone x2  
  54  4:11  Overlord  
  54  4:14  Drone x2  
  56  4:26  Drone x6  
  56  4:27  Extractor  
  61  4:33  Roach  
  61  4:34  Roach x2  
  61  4:38  Roach x2  
  71  4:43  Overlord  
  70  4:47  Overlord  
  70  4:51  Overlord  
  70  4:54  Overlord x2  
  70  4:55  Glial Reconstitution  
  70  5:00  Overseer  
  70  5:02  Roach  
  70  5:03  Roach x2  
  76  5:09  Roach x3  
  82  5:15  Roach  
  82  5:16  Roach x2  
  88  5:22  Overlord  
  88  5:24  Roach x3  
  93  5:29  Spore Crawler  
  93  5:31  Spore Crawler x2  
  93  5:32  Drone  
  88  5:35  Drone  
  88  5:36  Drone x2  
  88  5:40  Spore Crawler  
  90  5:46  Queen x2  
  94  5:52  Queen  
  96  5:57  Overlord  
  96  5:59  Overlord x2  
  96  6:05  Overlord  
  96  6:10  Overlord  
  96  6:16  Extractor  
  96  6:17  Hydralisk Den  
  91  6:19  Drone x3  
  91  6:21  Drone x3  
  91  6:25  Roach x4  
  101  6:33  Roach x4  
  93  6:47  Grooved Spines, Hydralisk x4  
  93  6:53  Hydralisk  
  93  6:54  Hydralisk  
  99  6:56  Drone x4  
  101  7:03  Drone x3  
  98  7:09  Roach x2  
  100  7:16  Drone x8  
  100  7:18  Drone  
  100  7:20  Drone, Extractor  
  109  7:30  Hydralisk  
  109  7:31  Hatchery  
  109  7:32  Hydralisk  
  112  7:41  Roach x4  
  120  7:45  Overlord  
  120  7:48  Roach  
  120  7:49  Roach x2  
  126  7:52  Overlord  
  126  7:54  Roach x2  
  126  7:58  Overlord  
  130  8:10  Roach x4  
  130  8:11  Overlord  
  138  8:20  Hydralisk x4  
  138  8:21  Roach x4  
  143  8:28  Roach  
Tags
 
Add a new tag
Caveats
  • Supply blocks, unpowered buildings, or Contaminate may cause inaccurate times.
  • Supply counts are checked every 10 seconds.